 Dungeon Crawl Stone Soup version 0.26.1-11-gd32895ea62 (webtiles) character file.

Game seed: 8514750367059065894

65 H0rd4k the Charlatan (level 4, -1/32 HPs)
             Began as a Human Artificer on May 12, 2021.
             Slain by an adder skeleton (3 damage)
             ... on level 2 of the Dungeon.
             The game lasted 00:01:35 (2613 turns).

H0rd4k the Charlatan (Human Artificer)              Turns: 2613, Time: 00:01:36

Health: -1/32      AC:  3    Str: 13    XL:     4   Next: 34%
Magic:  4/4        EV: 12    Int: 11    God:
Gold:   169        SH:  5    Dex: 14    Spells: 3/3 levels left

rFire    . . .     SeeInvis .   o - +0 falchion
rCold    . . .     Faith    .   (no shield)
rNeg     . . .     Spirit   .   b - +0 leather armour
rPois    .         Reflect  +   (no helmet)
rElec    .         Harm     .   (no cloak)
rCorr    .         Rampage  .   (no gloves)
Will     .....                  (no boots)
Stlth    ++........             g - amulet of reflection
HPRegen  0.10/turn              (no ring)
MPRegen  0.09/turn              (no ring)

@: lethally poisoned (-1 -> -4)
A: no striking features
a: no special abilities


You were on level 2 of the Dungeon.
You visited 1 branch of the dungeon, and saw 2 of its levels.

You collected 169 gold pieces.

Inventory:

Hand Weapons
 a - a +0 club
 h - a +0 dagger
 o - a +0 falchion (weapon)
Armour
 b - a +0 leather armour (worn)
Jewellery
 g - an amulet of reflection (around neck)
 q - an uncursed ring of poison resistance {unknown}
Wands
 c - a wand of flame (15) (quivered)
 d - a wand of enslavement (15)
 e - a wand of random effects (15)
Scrolls
 k - a scroll of immolation {unknown}
 m - a scroll of magic mapping {unknown}
 n - 3 scrolls of identify {unknown}
 p - a scroll of teleportation {unknown}
Potions
 f - a potion of mutation {unknown}
 i - a potion of heal wounds {unknown}
 j - a potion of attraction {unknown}
 l - a potion of resistance {unknown}


   Skills:
 + Level 1.2 Fighting
 + Level 0.6(0.7) Short Blades
 + Level 0.3(0.5) Long Blades
 + Level 2.8 Armour
 + Level 1.7 Dodging
 + Level 1.3 Stealth
 + Level 0.2 Shields
 + Level 3.6 Evocations


You had 3 spell levels left.
You didn't know any spells.
Your spell library was empty.

Dungeon Overview and Level Annotations

Branches:
Dungeon (2/15)

Altars:
Dithmenos


Message History

The adder skeleton bites you. The adder completely misses you.
You block the adder skeleton's attack. The adder barely misses you.
You hit the adder but do no damage.
You feel sick. The adder closely misses you.
You riposte.
You closely miss the adder. You block the adder skeleton's attack.
You miss the adder. The adder barely misses you.
The adder skeleton closely misses you. The adder bites you but does no damage.
You hit the adder.
The adder is moderately wounded.
You feel sick.
The adder skeleton bites you but does no damage.
The adder misses you. The adder skeleton bites you.
* * * LOW HITPOINT WARNING * * *
The adder bites you but does no damage.
You completely miss the adder skeleton.
The adder skeleton is moderately damaged.
You feel sick. The adder bites you.
* * * LOW HITPOINT WARNING * * *
The adder skeleton bites you.
You die...

§#...#.#.##.#
...##..#.##.#
..###.##.##.#####
................##
.................#######
..##...................#
.#8......>............(#
.#88.............S≈.≈..#
...8............@Z≈≈≈≈.#
#....8............≈≈≈..#
##.##.............≈≈.≈.#
##.................≈..P#
###..#.##...############
.......##.#..#...##
.#................##
......)....#.†.....#
##.........#.......#


You could see an adder and an adder skeleton.

Vanquished Creatures
  An ooze (D:2)
  An adder skeleton (D:2)
  A worm (D:2)
  A leopard gecko (D:2)
  An orc (D:2)
  2 bat skeletons (D:2)
  2 giant cockroaches
  A goblin (D:1)
  12 hobgoblins
  3 jackals (D:1)
  5 kobolds
  6 bats
  4 frilled lizards
  A giant cockroach zombie (D:2)
  A leopard gecko skeleton (D:2)
  5 rats
47 creatures vanquished.

Notes
Turn   | Place    | Note
-------+----------+-------------------------------------------
     0 | D:1      | H0rd4k the Human Artificer began the quest for the Orb.
     0 | D:1      | Reached XP level 1. HP: 15/15 MP: 1/1
   359 | D:1      | Reached XP level 2. HP: 14/21 MP: 2/2
   916 | D:1      | Reached XP level 3. HP: 7/26 MP: 3/3
  2110 | D:2      | Reached XP level 4. HP: 26/32 MP: 4/4
  2295 | D:2      | Found a shadowy altar of Dithmenos.
  2613 | D:2      | Slain by an adder skeleton

Illustrated notes

Levels and vault maps discovered:
D:1:      tarquinn_simple_flora_water_f, layout_basic, serial_park_tiny_2
D:2:      layout_rooms, lightli_temple_of_fire, grunt_dithmenos_smoke,
          serial_undead, serial_undead_a, serial_undead_c, serial_undead_f,
          serial_undead_f

Action                   |  1- 3 |  4- 6 || total
-------------------------+-------+-------++-------
Melee: Club              |    54 |       ||    54
       Dagger            |    91 |       ||    91
       Falchion          |    20 |    52 ||    72
 Stab: Sleeping          |     1 |       ||     1
Armor: Leather armour    |    43 |    13 ||    56
Dodge: Dodged            |   119 |    40 ||   159
Block: Other             |    20 |    17 ||    37
       Rpst.: Falchion   |     6 |    12 ||    18
